 Dungeon Crawl Stone Soup version 0.29.1-15-g9cfb28693d (webtiles) character file.

Game seed: 11257763819129728093

231 Smoke131 the Trooper (level 6, -12/63 HPs)
             Began as an Ogre Gladiator on Feb 28, 2023.
             Killed by divine providence
             ... invoked by an orc priest
              (14 damage)
             ... on level 3 of the Dungeon.
             The game lasted 00:05:19 (2996 turns).

Smoke131 the Trooper (Ogre Gladiator)               Turns: 2996, Time: 00:05:19

Health: -12/63     AC:  3    Str: 21    XL:     6   Next: 3%
Magic:  6/6        EV: 14    Int: 12    God:
Gold:   164        SH:  0    Dex: 10    Spells: 5/5 levels left

rFire   . . .      SeeInvis .   a - +0 war axe
rCold   . . .      Faith    .   (no shield)
rNeg    + + +      Spirit   .   b - +0 robe
rPois   +          Reflect  .   c - +0 hat
rElec   .          Harm     .   (no cloak)
rCorr   .          Rampage  .   (gloves unavailable)
Will    .....                   (boots unavailable)
Stlth   +.........              (no amulet)
HPRegen 0.20/turn               o - ring of Understanding {rPois rN++ EV+4 Int+3}
MPRegen 0.10/turn               l - ring of positive energy

@: studying Fire Magic
A: large, unfitting armour, tough skin 1
a: no special abilities


You were on level 3 of the Dungeon.
You visited 1 branch of the dungeon, and saw 3 of its levels.

You collected 164 gold pieces.

Inventory:

Hand Weapons
 a - a +0 war axe (weapon)
Missiles
 d - 3 throwing nets
 i - a large rock
 k - 4 javelins (quivered)
 p - 18 stones
Armour
 b - a +0 robe (worn)
 c - a +0 hat (worn)
Jewellery
 l - a ring of positive energy (right hand)
 o - the ring of Understanding (left hand) {rPois rN++ EV+4 Int+3}
   (You found it on level 3 of the Dungeon)

   [ring of evasion]

   EV:        It affects your evasion (+4).
   Int:       It affects your intelligence (+3).
   rPois:     It protects you from poison.
   rN:        It greatly protects you from negative energy.
 r - an amulet of guardian spirit
Wands
 q - a wand of roots (6)
Scrolls
 e - a scroll of summoning {unknown}
 f - 3 scrolls of poison {unknown}
 g - 4 scrolls of immolation {unknown}
 h - a scroll of noise {unknown}
 n - a scroll of enchant armour {unknown}
 s - a scroll of torment {unknown}
Potions
 j - 2 potions of lignification {unknown}
 m - 2 potions of might {unknown}


   Skills:
 + Level 4.6 Fighting
 + Level 4.0 Axes
 + Level 3.3 Throwing
 + Level 2.0 Armour
 - Level 3.0 Dodging


You had 5 spell levels left.
You didn't know any spells.
Your spell library contained the following spells:

 Spells                   Type           Power      Damage    Failure   Level
 Sublimation of Blood     Necr           0%         N/A       45%         2
 Petrify                  Tmut/Erth      0%         N/A       97%         4
 Irradiate                Conj/Tmut      0%         3d11      100%        5


Dungeon Overview and Level Annotations

Branches:
Dungeon (3/15)

Altars:

Shops:
D:2 *[


Innate Abilities, Weirdness & Mutations

You are too large for most types of armour.
You have tough skin. (AC +1)


Message History

The orc priest hits you with a +0 dagger.
You hit the orc priest.
The orc priest is heavily wounded.
The orc priest hits you with a +0 dagger.
You hit the orc priest but do no damage.
The orc priest is heavily wounded.
The orc priest hits you with a +0 dagger.
The orc priest hits you but does no damage.
You hit the orc priest but do no damage.
The orc priest is heavily wounded.
The orc priest invokes the aid of Beogh against you.
Beogh smites you!
You hear a shout!
You hit the orc priest.
The orc priest is severely wounded.
The orc priest closely misses you.
You hit the orc priest.
The orc priest is almost dead.
The orc priest hits you with a +0 dagger.
An orc comes into view. It is wielding a +0 club.
The orc priest calls down the wrath of Beogh upon you.
Beogh smites you!
* * * LOW HITPOINT WARNING * * *
You barely miss the orc priest.
The orc priest is almost dead.
You barely miss the orc. The orc priest barely misses you.
The orc closely misses you.
You hit the orc priest.
The orc priest is almost dead.
You hit the orc.
The orc priest mumbles some strange prayers to Beogh against you.
Beogh smites you!
* * * LOW HITPOINT WARNING * * *
The orc hits you but does no damage.
You hit the orc priest but do no damage.
The orc priest is almost dead.
You hit the orc.
The orc priest mumbles some strange prayers to Beogh against you.
Beogh smites you!
You die...

##########
####........#
.....######.#
...#.######.####
...............######
.....######.#..o@o..#
.....######.#..####.#
#.......)...#..#
##...########.)#
##.## #... #.# #.##.
#.# #.# . #+ #.


You could see an orc priest and an orc.

Vanquished Creatures
  A howler monkey (D:3)
  An orc priest (D:3)
  An iguana (D:3)
  Jessica (D:3)
  Ijyb (D:3)
  2 adders
  2 worms
  2 orcs (D:3)
  7 ball pythons
  5 bats
  4 endoplasms
  3 giant cockroaches (D:2)
  4 hobgoblins
  5 jackals (D:2)
  4 frilled lizards
  4 goblins
  9 kobolds
  4 rats
60 creatures vanquished.

Notes
Turn   | Place    | Note
-------+----------+-------------------------------------------
     0 | D:1      | Smoke131 the Ogre Gladiator began the quest for the Orb.
     0 | D:1      | Reached XP level 1. HP: 22/22 MP: 1/1
   358 | D:1      | Reached XP level 2. HP: 28/29 MP: 2/2
   981 | D:2      | Reached XP level 3. HP: 3/37 MP: 3/3
  1586 | D:2      | Found Cett's General Store.
  1747 | D:2      | Reached skill level 1 in Armour
  1913 | D:2      | Found Odujy's Armour Emporium.
  2035 | D:3      | Identified the ring of Understanding {rPois rN++ EV+4
                  | Int+3}
  2055 | D:3      | Reached XP level 4. HP: 43/46 MP: 4/4
  2271 | D:3      | Noticed Jessica
  2274 | D:3      | Killed Jessica
  2454 | D:3      | Noticed Ijyb
  2455 | D:3      | Paralysed by Ijyb for 3 turns
  2465 | D:3      | Killed Ijyb
  2466 | D:3      | Reached XP level 5. HP: 48/54 MP: 5/5
  2624 | D:3      | Found a faded altar of an unknown god.
  2988 | D:3      | Reached XP level 6. HP: 50/63 MP: 6/6
  2995 | D:3      | HP: 2/63 [orc priest/divine providence (13)]
  2996 | D:3      | Killed from afar by an orc priest

Illustrated notes

Levels and vault maps discovered:
D:1:      dpeg_arrival_stone_temple_mockup, layout_basic, hangedman_glass_teeth
D:2:      layout_basic, serial_shops, shop, nicolae_shop_hallway_plus
D:3:      wander_river, layout_loops_corners,
          hellmonk_ecumenical_altar_leap_of_faith, uniq_crazy_yiuf_cottage,
          uniq_ijyb, uniq_jessica

Skill      XL: |  1  2  3  4  5 |
---------------+----------------+-----
Fighting       | 3 4 |  4.6
Dodging        | 3 |  3.0
Armour         | 1 2 |  2.0
Throwing       | 3 |  3.3
Axes           | 4 |  4.0

Action                   |  1- 3 |  4- 6 || total
-------------------------+-------+-------++-------
Melee: War axe           |   110 |    70 ||   180
Throw: Large rock        |     1 |     2 ||     3
       Javelin           |       |     4 ||     4
  Use: Potion            |     1 |       ||     1
Armor: Robe              |    59 |    16 ||    75
Dodge: Dodged            |    88 |    40 ||   128
